 Dungeon Crawl Stone Soup version 0.17-a0-1882-g750edc8 (webtiles) character file.

371 derrpe the Sneak (level 6, 0/32 HPs)
             Began as a Vine Stalker Assassin on Sept 22, 2015.
             Was an Initiate of Dithmenos.
             Killed by divine providence
             ... invoked by an orc priest
              (9 damage)
             ... on level 3 of the Dungeon.
             The game lasted 00:11:09 (3423 turns).

derrpe the Sneak (Vine Stalker Assassin)            Turns: 3423, Time: 00:11:10

Health: 0/32       AC:  4    Str: 14    XL:     6   Next: 70%
Magic:  0/7        EV: 13    Int: 13    God:    Dithmenos [......]
Gold:   241        SH:  0    Dex: 15    Spells: 0 memorised, 5 levels left

rFire  . . .     SeeInvis .     a - +2 dagger
rCold  . . .     Clarity  .     c - +0 robe
rNeg   . . .     SustAt   +     (no shield)
rPois  +         Gourm    .     (no helmet)
rElec  .         Spirit   +     d - +0 cloak
rCorr  .         Warding  .     w - +0 pair of gloves
rMut   .         Stasis   .     (no boots)
MR     .....                    (no amulet)
Stlth  ++++......               o - ring of sustain attributes
                                h - ring of poison resistance

@: not resistant to hostile enchantments, stealthy
A: fangs 2, regeneration 2, magic shield, antimagic bite, no device heal 3, rot
immunity
a: Renounce Religion


You were on level 3 of the Dungeon.
You worshipped Dithmenos.
Dithmenos was noncommittal.
You were not hungry.

You visited 2 branches of the dungeon, and saw 5 of its levels.

You collected 241 gold pieces.

Inventory:

Hand weapons
 a - a +2 dagger (weapon)
 b - a +0 blowgun
 j - a +0 scimitar
Missiles
 e - 6 poisoned needles
 f - 2 curare-tipped needles
 y - a throwing net (quivered)
Armour
 c - a +0 robe (worn)
 d - a +0 cloak (worn)
 w - a +0 pair of gloves (worn)
Jewellery
 h - a ring of poison resistance (left hand)
 o - a ring of sustain attributes (right hand)
Magical devices
 B - a wand of enslavement (7)
Scrolls
 k - 2 scrolls of remove curse {unknown}
 n - 2 scrolls of random uselessness {unknown}
 q - 2 scrolls of identify {unknown}
 s - 2 scrolls of enchant weapon {unknown}
 x - a scroll of teleportation {unknown}
 C - a scroll of amnesia {unknown}
Potions
 i - 2 potions of lignification {unknown}
 l - a potion of agility {unknown}
 p - a potion of resistance {unknown}
 t - a potion of invisibility {unknown}
 u - 2 potions of mutation {unknown}
 z - 3 potions of curing {unknown}
Comestibles
 g - 2 bread rations {@e1}
 m - a slice of pizza
 r - a fruit
 A - a beef jerky


   Skills:
 + Level 2.8 Fighting
 * Level 3.1 Short Blades
 - Level 1.7 Throwing
 + Level 3.0 Dodging
 + Level 7.1 Stealth


You had 5 spell levels left.
You didn't know any spells.

Dungeon Overview and Level Annotations

Branches:
Dungeon (4/15)             Temple (1/1) D:4

Altars:
Ashenzari
Cheibriados
Dithmenos
Elyvilon
Fedhas
Gozag
Kikubaaqudgha
Nemelex Xobeh
Okawaru
Qazlal
Ru
Sif Muna
Trog
Vehumet
Xom
Zin
The Shining One

Shops:
D:3 *


Innate Abilities, Weirdness & Mutations

You have extremely sharp teeth.
You heal very quickly.
When hurt, damage is shared between your health and your magic reserves.
Your bite disrupts and absorbs the magic of your enemies.
Potions and wands cannot restore your health.
You are immune to rotting.


Message History

The orc priest is moderately wounded.
The orc priest looks braver for a moment.
You hit the orc priest but do no damage.
You bite the orc priest. You drain its power.
You feel invigorated.
The orc priest is moderately wounded.
The orc barely misses you. The orc priest hits you with a mace.
You barely miss the orc priest. You bite the orc priest. You drain its power.
You feel invigorated.
The orc priest is heavily wounded.
The orc closely misses you.
You closely miss the orc priest. Your bite misses the orc priest.
The orc priest is heavily wounded.
The orc priest hits you with a mace.
You hit the orc priest.
The orc priest is severely wounded.
The orc hits you with a flail!
* * * LOW HITPOINT WARNING * * *
The orc priest calls down the wrath of Beogh upon you.
Something smites you!
You die...

.......#.# #.# #.#
###....#.# #.# #.#
.........# #.# #.#
#############.# #.#
........).....# #.#
.############## #.#
.# #(#
.################o#
................@o#
###################


You could see an orc priest and an orc.

Vanquished Creatures
  Sigmund (D:3)
  A hound (D:3)
  Crazy Yiuf (D:3)
  2 iguanas (D:4)
  Robin (D:3)
  An adder (D:4)
  5 worms (D:2)
  3 giant geckos
  2 orcs (D:3)
  A ball python (D:1)
  17 goblins
  6 hobgoblins
  9 jackals
  A quokka (D:2)
  3 bats
  2 giant cockroaches
  A giant newt (D:1)
  5 kobolds
  A quokka skeleton (D:4)
  8 rats
71 creatures vanquished.

Notes
Turn   | Place    | Note
--------------------------------------------------------------
     0 | D:1      | derrpe the Vine Stalker Assassin began the quest for the Orb.
     0 | D:1      | Reached XP level 1. HP: 11/11 MP: 2/2
    98 | D:1      | Reached skill level 5 in Stealth
   252 | D:1      | Reached XP level 2. HP: 15/15 MP: 3/3
   838 | D:2      | Found a deep blue altar of Sif Muna.
   920 | D:2      | Reached XP level 3. HP: 16/18 MP: 4/4
   996 | D:2      | Reached skill level 6 in Stealth
  1048 | D:2      | Found a sparkling altar of Nemelex Xobeh.
  1068 | D:2      | Reached skill level 1 in Dodging
  1234 | D:2      | Noticed a moth of wrath
  1237 | D:2      | Found a bloodstained altar of Trog.
  1319 | D:2      | Found a deep blue altar of Sif Muna.
  1938 | D:3      | Noticed Robin
  1967 | D:2      | Reached XP level 4. HP: 15/23 MP: 2/5
  2191 | D:3      | Noticed Sigmund
  2194 | D:3      | Found a stormy altar of Qazlal.
  2196 | D:3      | Killed Sigmund
  2196 | D:3      | Reached skill level 7 in Stealth
  2196 | D:3      | Reached XP level 5. HP: 27/27 MP: 6/6
  2287 | D:3      | Killed Robin
  2287 | D:3      | Gained mutation: You heal very quickly. [Vine Stalker growth]
  2287 | D:3      | Reached XP level 6. HP: 32/32 MP: 7/7
  2438 | D:3      | Noticed Crazy Yiuf
  2534 | D:3      | Killed Crazy Yiuf
  2555 | D:3      | You fall through a shaft!
  2555 | D:4      | Found a staircase to the Ecumenical Temple.
  2615 | Temple   | Entered the Ecumenical Temple
  2715 | Temple   | Became a worshipper of Dithmenos the Shadowed
  2943 | D:3      | Found an opulent altar of Gozag.
  2948 | D:3      | Found Gozag's Platinum Reserve.
  3423 | D:3      | Killed from afar by an orc priest

Vault maps used:
D:1:      dpeg_arrival_central
D:2:      lemuel_crystal_altar, lemuel_crystal_altar, tgw_trog,
          lemuel_blue_sif_altar
D:3:      nicolae_gozag_zags_fifth_avenue, nicolae_overflow_crystal_walls,
          uniq_robin, uniq_sigmund, uniq_crazy_yiuf_cottage
D:4:      minmay_temple_entry_overgrown, gup_sewer_entry_pipe, first_bread,
          minmay_splitting_lines
Temple:   circular_temple_12

Action                   |  1- 3 |  4- 6 || total
-------------------------+-------+-------++-------
Melee: Dagger            |   128 |   104 ||   232
 Fire: Blowgun           |     3 |     2 ||     5
Throw: Throwing net      |       |     2 ||     2
 Stab: Sleeping          |     6 |     4 ||    10
       Held in net/web   |       |     1 ||     1
  Eat: Chunk             |     3 |     5 ||     8
